 Dungeon Crawl Stone Soup version 0.28.0 (webtiles) character file.

Game seed: 16415059826905485093

2112 mdonais the Skirmisher (level 9, -8/64 HPs)
             Began as an Octopode Delver on Feb 17, 2022.
             Was an Initiate of Okawaru.
             Mangled by a troll (13 damage)
             ... on level 7 of the Dungeon.
             The game lasted 00:29:34 (10029 turns).

mdonais the Skirmisher (Octopode Delver)           Turns: 10029, Time: 00:29:35

Health: -8/64      AC:  1    Str: 12    XL:     9   Next: 28%
Magic:  12/12      EV: 15    Int: 14    God:    Okawaru [......]
Gold:   418        SH:  0    Dex: 15    Spells: 8/12 levels left

rFire   . . .      SeeInvis .   d - +3 long sword
rCold   . . .      Faith    .   (no shield)
rNeg    . . .      Spirit   .   (helmet restricted)
rPois   .          Reflect  .   (no amulet)
rElec   .          Harm     .   (no ring)
rCorr   .          Rampage  .   (no ring)
Will    .....                   (no ring)
Stlth   ++++......              (no ring)
HPRegen 0.20/turn               (no ring)
MPRegen 0.13/turn               (no ring)
                                (no ring)
                                (no ring)

@: no status effects
A: almost no armour, amphibious, 8 rings, camouflage 1, gelatinous body 1,
(nimble swimmer 1), tentacles
a: Renounce Religion


You were on level 7 of the Dungeon.
You worshipped Okawaru.
Okawaru was noncommittal.
You visited 2 branches of the dungeon, and saw 8 of its levels.
You also visited: Ossuary.

You collected 418 gold pieces.

Inventory:

Hand Weapons
 d - a +3 long sword (weapon)
   (You took it off a wight on level 6 of the Dungeon)
 e - a +5 dire flail of protection
   (You took it off Edmund on level 6 of the Dungeon)
 s - a +0 halberd of freezing
   (You took it off a gnoll on level 3 of the Dungeon)
 w - a +0 long sword
   (You found it on level 2 of the Dungeon)
 I - a +3 dagger
   (You took it off a wight on level 6 of the Dungeon)
 J - a +1 morningstar of protection
   (You took it off an orc on level 6 of the Dungeon)
 K - a +0 trident
   (You took it off an orc priest on level 6 of the Dungeon)
Missiles
 c - 127 arrows
 h - 75 bolts
 k - 121 stones
 t - 5 boomerangs
 u - 56 sling bullets
 v - 4 javelins (quivered)
Magical Staves
 G - a staff of death
   (You found it on level 5 of the Dungeon)
Wands
 D - a wand of digging (3)
Scrolls
 b - 2 scrolls of fog
 f - a scroll of holy word
 i - a scroll of enchant weapon {unknown}
 j - a scroll of immolation
 r - 2 scrolls of vulnerability {unknown}
 x - a scroll of torment
 B - a scroll of blinking
 C - a scroll of noise {unknown}
 F - a scroll of enchant armour {unknown}
 M - a scroll of magic mapping
 T - a scroll of teleportation
Potions
 a - a potion of berserk rage {unknown}
 g - 3 potions of lignification
 l - a potion of cancellation
 m - 2 potions of invisibility {unknown}
 n - 2 potions of brilliance {unknown}
 o - a potion of might
 p - a potion of heal wounds {unknown}
 q - 3 potions of ambrosia {unknown}
 y - 2 potions of magic {unknown}
 z - 4 potions of attraction {unknown}
 A - a potion of resistance {unknown}
 E - a potion of mutation {unknown}
 H - 2 potions of haste
 Q - 5 potions of curing


   Skills:
 + Level 7.3 Fighting
 - Level 5.0(5.6) Short Blades
 - Level 3.7(5.0) Long Blades
 - Level 0.7 Maces & Flails
 + Level 4.4 Dodging
 - Level 6.6 Stealth
 - Level 2.0 Spellcasting
 * Level 5.6 Ice Magic
 + Level 1.2 Invocations


You had 8 spell levels left.
You knew the following spells:

 Your Spells              Type           Power      Damage    Failure   Level
a - Freeze                Ice            68%        1d8       2%          1
b - Frozen Ramparts       Ice            34%        1d5       7%          3

Your spell library contained the following spells:

 Spells                   Type           Power      Damage    Failure   Level
 Hailstorm                Conj/Ice       9%         3d4       58%         4
 Passage of Golubria      Tloc           1%         N/A       93%         4
 Yara's Violent Unravell  Hex/Tmut       0%         3d3       100%        5
 Tukima's Dance           Hex            Unusable   N/A       N/A         3

Dungeon Overview and Level Annotations

Branches:
Dungeon (7/15)             Temple (1/1) D:6         Ossuary (visited)

Altars:
Ashenzari
Cheibriados
Dithmenos
Elyvilon
Fedhas
Gozag
Hepliaklqana
Kikubaaqudgha
Makhleb
Nemelex Xobeh
Okawaru
Qazlal
Ru
Sif Muna
Trog
Uskayaw
Vehumet
Wu Jian
Xom
Yredelemnul
Zin
The Shining One

Shops:
D:4 *

Annotations:
D:4 exclusion: ogre, Blork the orc


Innate Abilities, Weirdness & Mutations

You cannot wear most types of armour.
You are amphibious.
You can wear up to eight rings at the same time.
Your skin changes colour to match your surroundings (Stealth+).
Your rubbery body absorbs attacks. (AC +1, EV +1)
((You are camouflaged when in or above water. (Stealth+)))
You have tentacles for arms and can constrict up to eight enemies at once.


Message History

An orc comes into view. It is wielding a +0 hand axe.
You take 21 damage, and have 24/64 hp.
MASSIVE DAMAGE!!
You are too injured to fight recklessly!
You are too injured to fight recklessly!
You are too injured to fight recklessly!
You are too injured to fight recklessly!
You are too injured to fight recklessly!
You are too injured to fight recklessly!
You release your grip on the orc warrior.
An orc comes into view. It is wielding a +0 hand axe.
The orc wizard gestures wildly while chanting.
The orc wizard flickers and vanishes!
Deactivating autopickup; reactivate with Ctrl-A.
There is a stone staircase leading up here.
The orc warrior closely misses you.
You climb upwards.
Reactivating autopickup.
There is a stone staircase leading down here.
An orc warrior is nearby!
An orc warrior is nearby!
You regained 2 hp, and now have 36/64 hp.
An orc warrior is nearby!
Okay, then.
K - a +0 trident (weapon)
No target in view!
You start resting.
HP restored.
Health restored: 64 You reach to attack!
You closely miss the orc warrior.
Your +0 halberd of freezing glows with a cold blue light!
s - a +0 halberd of freezing (weapon)
The orc warrior hits you with a +0 flail!
You take 10 damage, and have 54/64 hp.
No target in view!
You start resting.
HP restored.
Health restored: 64 Your +0 halberd of freezing stops glowing.
d - a +3 long sword (weapon)
Casting: Frozen Ramparts (dangerous; 8% risk of failure)
Confirm with . or Enter, or press ? or * to list all spells.
Casting: Frozen Ramparts (dangerous; 8% risk of failure)
Press: ? - help, Dir - look around, f - activate Some deep water.
The walls around you are covered in ice.
The wall freezes the orc warrior.
The orc warrior closely misses you.
You now have 9/12 mp.
You hit the orc warrior. You grab the orc warrior.
The orc warrior is moderately wounded.
You constrict the orc warrior.
The wall freezes the orc warrior.
The orc warrior barely misses you.
You hit the orc warrior.
The orc warrior is severely wounded.
You constrict the orc warrior, but do no damage.
The wall freezes the orc warrior.
The orc warrior completely misses you.
You hit the orc warrior. You squeeze the orc warrior.
You kill the orc warrior!
Okawaru accepts your kill.
Your Invocations skill increases to level 1!
The frozen ramparts melt away as you move.
Things that are here:
a +0 flail; a +0 plate armour; an orc corpse Unknown command.
Unknown command.
Done exploring.
Done exploring.
(D) Dungeon (T) Temple
Where to? (Enter - D:6 @ (x,y), ? - help)
There is an open door here.
There is a stone staircase leading down here.
You climb downwards.
Found a ring mail.
There is a stone staircase leading up here.
A centaur skeleton comes into view.
Casting: Frozen Ramparts (dangerous; 7% risk of failure)
Confirm with . or Enter, or press ? or * to list all spells.
Casting: Frozen Ramparts (dangerous; 7% risk of failure)
Press: ? - help, Dir - look around, f - activate The walls around you are covered in ice.
You now have 8/12 mp.
The centaur skeleton completely resists.
The wall freezes the centaur skeleton but does no damage.
You completely miss the centaur skeleton.
The centaur skeleton completely resists.
The wall freezes the centaur skeleton but does no damage.
The centaur skeleton hits you. The centaur skeleton misses you.
You take 4 damage, and have 60/64 hp.
You slash the centaur skeleton! You squeeze the centaur skeleton.
The centaur skeleton is moderately damaged.
The centaur skeleton completely resists.
The wall freezes the centaur skeleton but does no damage.
The centaur skeleton hits you. The centaur skeleton barely misses you.
A troll comes into view.
The centaur skeleton completely resists.
The wall freezes the centaur skeleton but does no damage.
The centaur skeleton closely misses you.
The centaur skeleton barely misses you.
You take 1 damage, and have 59/64 hp.
The troll shouts!
You hit the centaur skeleton. You squeeze the centaur skeleton.
The centaur skeleton is heavily damaged.
The centaur skeleton completely resists.
The wall freezes the centaur skeleton but does no damage.
The centaur skeleton barely misses you.
The centaur skeleton closely misses you.
You slash the centaur skeleton! You squeeze the centaur skeleton.
The centaur skeleton is almost destroyed.
The frozen ramparts melt away.
The centaur skeleton hits you.
The centaur skeleton closely misses you.
The centaur skeleton completely misses you.
The centaur skeleton kicks you but does no damage.
You take 4 damage, and have 55/64 hp.
You hit the centaur skeleton.
You destroy the centaur skeleton!
Okawaru accepts your kill.
Casting: Frozen Ramparts (dangerous; 7% risk of failure)
Confirm with . or Enter, or press ? or * to list all spells.
Casting: Frozen Ramparts (dangerous; 7% risk of failure)
Press: ? - help, Dir - look around, f - activate The walls around you are covered in ice.
The wall freezes the troll.
You now have 6/12 mp.
Throw: 5 javelins
Press: ? - help, Q - select action, (/) - cycle Shift-Dir - straight line, f - troll
Aim: a troll (62% to hit)
You throw a javelin. The javelin pierces through the troll.
The troll is lightly wounded.
The wall freezes the troll. x2; The troll bites you but does no damage.
The troll misses you. The troll barely misses you.
You hit the troll.
The troll is moderately wounded.
The wall freezes the troll.
The troll barely misses you. The troll closely misses you. The troll claws you!
You take 10 damage, and have 45/64 hp.
You hit the troll. Your squeeze misses the troll.
The troll is heavily wounded.
The wall freezes the troll.
The troll bites you! The troll claws you!
* * * LOW HITPOINT WARNING * * *
The troll claws you.
* * * LOW HITPOINT WARNING * * *
You take 32 damage, and have 13/64 hp.
MASSIVE DAMAGE!!
Your frozen ramparts will break if you move.
Continue?
The frozen ramparts melt away as you move.
You see here a +0 ring mail.
You see here a +0 ring mail.
You see here a +0 ring mail.
The troll bites you!
* * * LOW HITPOINT WARNING * * *
The troll claws you!
You die...

#.......
#..##..#
#..##..#
#..##..#####.
#..[.........
##.##..#####
#.##...#
#T###..#
#@###..#
#######(.....#
.......<....##
#######.########
#......... #
#.######## .# #
#.# .. #.# #.#
.#.o.. #.#


You could see a troll.

Vanquished Creatures
  Edmund (D:6)
  A black bear (D:5)
  An ice beast (D:6)
  An orc warrior (D:6)
  2 sky beasts (D:6)
  3 necrophages (D:6)
  A phantom (D:5)
  3 scorpions
  5 wights (D:6)
  A howler monkey (D:5)
  3 jellies
  A centaur zombie (D:7)
  3 hounds
  An orc priest (D:6)
  A centaur skeleton (D:7)
  A bullfrog skeleton (D:5)
  An orc wizard (D:6)
  An iguana (D:5)
  A killer bee zombie (D:6)
  9 mummies
  7 adders
  9 gnolls
  A howler monkey skeleton (D:5)
  A shadow imp (D:5)
  2 white imps (D:5)
  2 worms (D:2)
  3 dart slugs
  19 orcs
  4 bats
  5 endoplasms
  5 giant cockroaches
  13 goblins
  5 hobgoblins
  2 quokkas
  5 ball pythons
  3 frilled lizards
  A gnoll zombie (Ossuary)
  4 hobgoblin zombies
  9 kobolds
  3 kobold zombies
  2 orc zombies (Ossuary)
  5 rats
151 creatures vanquished.

Notes
Turn   | Place    | Note
-------+----------+-------------------------------------------
     0 | D:5      | mdonais the Octopode Delver began the quest for the Orb.
     0 | D:5      | Reached XP level 1. HP: 16/16 MP: 1/1
    20 | D:5      | Noticed a jelly
    93 | D:5      | Reached XP level 2. HP: 21/21 MP: 2/2
   221 | D:5      | Noticed a scorpion
   246 | D:5      | Reached XP level 3. HP: 26/26 MP: 3/3
   255 | D:4      | Found Ythradai's General Store.
   301 | D:4      | Noticed Blork the orc
   328 | D:4      | Noticed an ogre
   377 | D:4      | Noticed a scorpion
   431 | D:4      | Found a sand-covered staircase.
   446 | Ossuary  | Entered an ossuary
   878 | Ossuary  | Reached skill level 4 in Fighting
   878 | Ossuary  | Reached XP level 4. HP: 33/33 MP: 4/4
  1217 | Ossuary  | Reached XP level 5. HP: 24/38 MP: 5/5
  1964 | D:3      | Reached skill level 5 in Fighting
  2106 | D:2      | Reached XP level 6. HP: 45/45 MP: 6/6
  2473 | D:1      | Found a faded altar of an unknown god.
  3408 | D:2      | Found a shadowy altar of Dithmenos.
  4486 | D:4      | Reached skill level 5 in Short Blades
  4486 | D:4      | Reached XP level 7. HP: 49/50 MP: 7/7
  4881 | D:5      | Reached skill level 6 in Fighting
  5162 | D:5      | Reached skill level 1 in Spellcasting
  5236 | D:5      | Learned a level 1 spell: Freeze
  5240 | D:5      | Learned a level 3 spell: Frozen Ramparts
  5271 | D:5      | Reached skill level 1 in Ice Magic
  5438 | D:5      | Reached XP level 8. HP: 22/57 MP: 11/11
  6348 | D:6      | Reached skill level 5 in Ice Magic
  6606 | D:6      | Reached skill level 1 in Long Blades
  7230 | D:6      | Found a glowing silver altar of Zin.
  7278 | D:6      | Noticed Edmund
  7295 | D:6      | Killed Edmund
  7296 | D:6      | Reached skill level 7 in Fighting
  7296 | D:6      | Reached XP level 9. HP: 37/64 MP: 8/12
  7898 | D:6      | Found a staircase to the Ecumenical Temple.
  8130 | Temple   | Entered the Ecumenical Temple
  8763 | Temple   | Became a worshipper of Warmaster Okawaru
  9968 | D:6      | Reached skill level 1 in Invocations
  9986 | D:7      | Noticed a troll
 10029 | D:7      | Mangled by a troll

Illustrated notes

Levels and vault maps discovered:
D:1:      tarquinn_simple_flora_water_f, layout_loops_ring,
          shapermc_ecumenical_altar_ellora
D:2:      minmay_angry_zag, layout_loops_cross, basic_altar, minmay_surrounded
D:3:      layout_basic, kennysheep_generic_room_12
D:4:      layout_basic, nicolae_ossuary_entry_giza, serial_shops, shop,
          uniq_blork_the_orc
D:5:      minmay_razor_zed, layout_gridville
D:6:      layout_basic, lemuel_round_altar, temple_hall,
          chequers_serial_rivers_micro_b, uniq_edmund
D:7:      layout_loops_ring
Temple:   nicolae_temple_the_god_donut

Skill      XL: |  1  2  3  4  5  6  7  8  9 |
---------------+----------------------------+-----
Short Blades   | 3 4 5 |  5.0
Fighting       | 4 5 6 7 |  7.3
Dodging        | 3 4 |  4.4
Spellcasting   | 2 |  2.0
Ice Magic      | 3 5 |  5.6
Long Blades    | 3 |  3.7
Invocations    | 1 |  1.2
Maces & Flails | |  0.7
Stealth        | |  6.6

Action                   |  1- 3 |  4- 6 |  7- 9 || total
-------------------------+-------+-------+-------++-------
Melee: Short sword       |    36 |   181 |    86 ||   303
       Tentacles         |     6 |    45 |    59 ||   110
       Constrict         |    12 |    44 |    35 ||    91
       Punch             |       |     6 |     3 ||     9
       Long sword        |       |       |    87 ||    87
       Trident           |       |       |     1 ||     1
Throw: Boomerang         |       |       |     1 ||     1
       Javelin           |       |       |     5 ||     5
 Cast: Frozen Ramparts   |       |       |     5 ||     5
  Use: Scroll            |     2 |     7 |     2 ||    11
       Potion            |     1 |       |     1 ||     2
 Stab: Sleeping          |     2 |    21 |    11 ||    34
       Distracted        |       |       |     1 ||     1
Armor: Skin              |     3 |     5 |     5 ||    13
Dodge: Dodged            |    16 |    67 |   101 ||   184
